 Dungeon Crawl Stone Soup version 0.21.0-24-g2553a33 (webtiles) character file.

364 sankara the Chiller (level 6, 0/67 HPs)
             Began as a Draconian Ice Elementalist on Jan 19, 2018.
             Succumbed to braks's ghost's poison
             ... on level 3 of the Dungeon.
             The game lasted 00:14:31 (2629 turns).

sankara the Chiller (Draconian Ice Elementalist)    Turns: 2629, Time: 00:14:32

Health: 0/67       AC: 28    Str: 16    XL:     6   Next: 39%
Magic:  1/11       EV:  2    Int: 17    God:
Gold:   151        SH:  0    Dex: 16    Spells: 4/12 levels left

rFire    . . .     SeeInvis .   i - +0 dagger (venom)
rCold    . . .     Gourm    .   (no shield)
rNeg     + + +     Faith    .   (armour unavailable)
rPois    +         Spirit   .   (helmet currently unavailable)
rElec    .         Reflect  .   (cloak currently unavailable)
rCorr    .         Harm     .   (gloves currently unavailable)
MR       .....     NoTele   +   (boots currently unavailable)
Stlth    +++.......             (no amulet)
HPRegen  0.21/turn              (no ring)
MPRegen  0.12/turn              (no ring)

@: mighty, agile, lethally poisoned (0 -> -4), icy armour, tree-form (expiring),
hasted, very quick
A: unfitting armour, AC +6
a: no special abilities


You were on level 3 of the Dungeon.
You were completely stuffed.
You were a tree.
You visited 1 branch of the dungeon, and saw 3 of its levels.

You collected 151 gold pieces.

Inventory:

Hand Weapons
 i - a +0 dagger of venom (weapon)
Missiles
 h - 4 needles of paralysis
Armour
 g - a +0 pair of boots (melded)
Scrolls
 m - a scroll of amnesia {unknown}
 n - a scroll of fog {unknown}
 p - 2 scrolls of teleportation
 q - a scroll of fear {unknown}
Potions
 c - a potion of might
 o - a potion of brilliance
Books
 a - a book of Frost

   Spells                             Type                      Level
   a - Freeze                         Ice                          1
   b - Throw Frost                    Conjuration/Ice              2
   c - Ozocubu's Armour               Charms/Ice                   3
   d - Throw Icicle                   Conjuration/Ice              4
   e - Summon Ice Beast               Ice/Summoning                4
Comestibles
 b - 3 rations


   Skills:
 + Level 3.3 Dodging
 - Level 1.7 Stealth
 + Level 3.5 Spellcasting
 - Level 1.0 Conjurations
 * Level 5.6 Ice Magic


You had 4 spell levels left.
You knew the following spells:

 Your Spells              Type           Power        Failure   Level  Hunger
a - Freeze                Ice            ###.         1%          1    None
b - Ozocubu's Armour      Chrm/Ice       ##......     16%         3    ###....
c - Throw Icicle          Conj/Ice       ##......     38%         4    ####...


Dungeon Overview and Level Annotations

Branches:
Dungeon (3/15)

Altars:
Makhleb


Innate Abilities, Weirdness & Mutations

((Your plain brown scales are hard. (AC +6)))
You cannot fit into any form of body armour.
((You are cold-blooded and may be slowed by cold attacks.))


Message History

Braks's ghost is severely damaged.
Unknown command.
Okay, then.
You puncture braks's ghost!
You destroy braks's ghost!
Your Dodging skill increases to level 3!
Your Ice Magic skill increases to level 5!
You have reached level 6!
Your experience leads to an increase in your attributes!
Your base attributes are Str 10, Int 17, Dex 11.
Increase (S)trength, (I)ntelligence, or (D)exterity?
You feel stronger.
Your scales feel tougher.
* * * LOW HITPOINT WARNING * * *
You feel sick.
Okay, then.
You eat one of the 6 rations.
That ration really hit the spot!
You eat one of the 5 rations.
That ration really hit the spot!
You eat one of the 4 rations.
That ration really hit the spot!
Your transformation is almost over.
You die...

###.# #.# .##.... #...#
###.# .# .... #.###
##...# .# ... ##.#
#..### .. .. ...# #.##
... )..# ####.######
.?.# )).# #..†.##...
..... ...#
#÷#...#.#####...... ...#
#.#........♣......>
...###.#....#...).......
...#...#...##......>....
...#.####.######<##.....
...#.# #.. ..# .....
#.#..# ### ..# ....
#...## _.# ... ##..#
...# ... ####


There were no monsters in sight!

Vanquished Creatures
  The ghost of braks the Stinger, an amateur TeVM (D:3)
  3 orc wizards (D:3)
  4 adders
  2 worms (D:2)
  A dart slug (D:3)
  2 leopard geckos
  5 orcs (D:3)
  8 bats
  3 giant cockroaches (D:1)
  8 goblins
  13 hobgoblins
  3 jackals (D:1)
  5 kobolds
  A ball python (D:2)
  4 frilled lizards
  3 rats
66 creatures vanquished.

Notes
Turn   | Place    | Note
-------+----------+-------------------------------------------
     0 | D:1      | sankara the Draconian Ice Elementalist began the quest for the Orb.
     0 | D:1      | Reached XP level 1. HP: 14/14 MP: 3/3
   103 | D:1      | Reached XP level 2. HP: 20/20 MP: 1/5
   534 | D:1      | Reached XP level 3. HP: 26/26 MP: 2/6
  1353 | D:2      | Learned a level 3 spell: Ozocubu's Armour
  1430 | D:2      | Reached skill level 4 in Ice Magic
  1620 | D:2      | Reached XP level 4. HP: 24/33 MP: 3/7
  2253 | D:3      | Reached XP level 5. HP: 13/38 MP: 0/9
  2501 | D:3      | Learned a level 4 spell: Throw Icicle
  2592 | D:3      | Found a burning altar of Makhleb.
  2606 | D:3      | Noticed braks's ghost (amateur TeVM)
  2623 | D:3      | HP: 2/57 [braks's ghost (1)]
  2626 | D:3      | Killed braks's ghost
  2626 | D:3      | Reached skill level 5 in Ice Magic
  2626 | D:3      | Reached XP level 6. HP: 2/45 MP: 1/11
  2629 | D:3      | Succumbed to braks's ghost's poison

Skill      XL: |  1  2  3  4  5 |
---------------+----------------+-----
Dodging        | 2 3 |  3.3
Ice Magic      | 4 5 |  5.6
Spellcasting   | 3 |  3.5
Stealth        | |  1.7
Conjurations   | |  1.0

Action                   |  1- 3 |  4- 6 || total
-------------------------+-------+-------++-------
Melee: Dagger            |    39 |    58 ||    97
       Tailslap          |     4 |     3 ||     7
 Cast: Freeze            |    54 |    49 ||   103
       Ozocubu's Armour  |     1 |     3 ||     4
  Use: Scroll            |     4 |     1 ||     5
       Potion            |       |     5 ||     5
 Stab: Sleeping          |     2 |     1 ||     3
  Eat: Chunk             |     3 |     4 ||     7
       Ration            |       |     3 ||     3
Armor: Skin              |    20 |    48 ||    68
Dodge: Dodged            |    48 |    66 ||   114
